 Dungeon Crawl Stone Soup version 0.19-a0-994-g3c636f0 (webtiles) character file.

254 Gagarin the Sneak (level 5, -8/37 HPs)
             Began as a Demonspawn Enchanter on July 16, 2016.
             Killed by nerve-wracking pain
             ... invoked by Grinder
              (11 damage)
             ... on level 3 of the Dungeon.
             The game lasted 00:14:58 (4329 turns).

Gagarin the Sneak (Demonspawn Enchanter)            Turns: 4329, Time: 00:14:59

Health: -8/37      AC:  4    Str:  8    XL:     5   Next: 91%
Magic:  1/9        EV: 13    Int: 17    God:
Gold:   148        SH:  0    Dex: 14    Spells: 4 memorised, 0 levels left

rFire  . . .     SeeInvis .     a - +1 dagger
rCold  . . .     Gourm    .     b - +1 robe
rNeg   . . .     Faith    .     (no shield)
rPois  .         Spirit   .     (helmet restricted)
rElec  .         Dismiss  .     (no cloak)
rCorr  .         Reflect  .     n - +0 pair of gloves
SustAt .         Harm     .     (no boots)
MR     .....                    (no amulet)
Stlth  +++.......               (no ring)
                                (no ring)

@: very slightly contaminated, invisible, not resistant to hostile enchantments,
fairly stealthy
A: antennae 1, powered by death 1
a: no special abilities


You were on level 3 of the Dungeon.
You were hungry.

You visited 1 branch of the dungeon, and saw 4 of its levels.

You collected 148 gold pieces.

Inventory:

Hand Weapons
 a - a +1 dagger (weapon)
 m - a cursed -1 spear
Missiles
 k - 10 bolts
Armour
 b - a +1 robe (worn)
 n - a +0 pair of gloves (worn)
Jewellery
 h - an uncursed ring of positive energy {unknown}
Scrolls
 f - a scroll of fear {unknown}
 g - a scroll of enchant weapon {unknown}
 l - a scroll of identify {unknown}
 o - a scroll of magic mapping {unknown}
 r - a scroll of blinking {unknown}
 t - a scroll of teleportation {unknown}
Potions
 j - a potion of haste {unknown}
 p - a potion of resistance {unknown}
 u - a potion of degeneration {unknown}
Books
 c - a book of Maledictions

   Spells                             Type                      Level
   a - Corona                         Hexes                        1
   b - Ensorcelled Hibernation        Hexes/Ice                    2
   c - Confuse                        Hexes                        3
   d - Tukima's Dance                 Hexes                        3
   e - Dazzling Spray                 Conjuration/Hexes            3
Comestibles
 d - 3 bread rations
 i - 2 beef jerkies
 s - a slice of pizza


   Skills:
 + Level 1.0 Fighting
 + Level 1.6 Short Blades
 + Level 2.9 Dodging
 + Level 4.1 Stealth
 + Level 2.9 Spellcasting
 + Level 3.6 Hexes
 + Level 1.2 Ice Magic


You couldn't memorise any spells.
You knew the following spells:

 Your Spells              Type           Power        Failure   Level  Hunger
a - Corona                Hex            ##.....      4%          1    None
b - Ensorcelled Hibernat  Hex/Ice        ##....       12%         2    ##.....
c - Confuse               Hex            ##......     14%         3    ###....
d - Dazzling Spray        Conj/Hex       #.....       24%         3    ###....


Dungeon Overview and Level Annotations

Branches:
Dungeon (4/15)
 Temple: D:4-7

Altars:
Dithmenos
Elyvilon
Okawaru

Annotations:
D:3 Grinder


Innate Abilities, Weirdness & Mutations

You have a pair of small antennae on your head.
You regenerate a little health from kills.


Message History

Press: ? - help, Shift-Dir - straight line, f/p - Grinder
Aim: Grinder (heavily wounded, chance to defeat MR: 45%) Grinder resists with some effort.
Grinder hits you.
* * * LOW HITPOINT WARNING * * *
It was a potion of invisibility.
You fade into invisibility!
Grinder gestures at you.
You suddenly lose the ability to move!
You are very lightly contaminated with residual magic.
Grinder barely misses you. Grinder gestures at you.
You resist with significant effort. Grinder gestures at you.
You resist with significant effort.
You can move again.
Grinder gestures at you.
You shrug off the repeated paralysis!
Grinder gestures at you. Pain shoots through your body!
You die...

.................#.♣.♣.#.#.......
..###...########.........#.......
### #...##### #..<....###.......
# ###...#...# #.....#.###.......
###....##'#.# #.....#.#....###'#
............####.#'###.#....###.#
............................'>#.#
............####.#.####.....#.#.#
########...## #@#........###...#
# #...# #.######.......#.. #
#...# #.#######......#.# #...#
#.5...........)#.. #...#
########.......#.. #####
#............. #........####.
#........##... #........#.5..


You could see Grinder.

Vanquished Creatures
  A giant frog skeleton (D:4)
  An orc wizard (D:3)
  5 adders
  8 gnolls
  An ooze (D:2)
  6 orcs
  3 giant cockroaches
  5 goblins
  13 hobgoblins
  7 jackals (D:2)
  3 quokkas
  A ball python (D:3)
  4 bats
  2 giant newts
  A kobold (D:1)
  8 rats
69 creatures vanquished.

Notes
Turn   | Place    | Note
-------+----------+-------------------------------------------
     0 | D:1      | Gagarin the Demonspawn Enchanter began the quest for the Orb.
     0 | D:1      | Reached XP level 1. HP: 13/13 MP: 3/3
   210 | D:1      | Reached skill level 3 in Stealth
   366 | D:1      | Gained mutation: You have a pair of small antennae on your head. [demonic ancestry]
   366 | D:1      | Reached XP level 2. HP: 16/19 MP: 5/5
   375 | D:1      | Learned a level 2 spell: Ensorcelled Hibernation
   429 | D:1      | Reached skill level 1 in Short Blades
  1036 | D:2      | Reached XP level 3. HP: 13/24 MP: 0/6
  1140 | D:2      | Learned a level 3 spell: Confuse
  1931 | D:2      | Reached XP level 4. HP: 30/30 MP: 5/7
  1933 | D:2      | Reached skill level 1 in Ice Magic
  3263 | D:3      | Gained mutation: You regenerate a little health from kills. [demonic ancestry]
  3263 | D:3      | Reached XP level 5. HP: 36/36 MP: 0/9
  3399 | D:3      | Reached skill level 4 in Stealth
  3530 | D:3      | Learned a level 3 spell: Dazzling Spray
  3609 | D:3      | Noticed Grinder
  3632 | D:4      | Found a shadowy altar of Dithmenos.
  4211 | D:3      | Found an iron altar of Okawaru.
  4255 | D:3      | Found a white marble altar of Elyvilon.
  4265 | D:3      | Reached skill level 1 in Fighting
  4313 | D:3      | Paralysed by Grinder for 6 turns
  4320 | D:3      | HP: 1/37 [Grinder (2)]
  4321 | D:3      | Paralysed by Grinder for 4 turns
  4329 | D:3      | Killed from afar by Grinder

Vault maps used:
D:1:      dpeg_arrival_rhombi, kennysheep_crisscross, kennysheep_another_room
D:2:      first_bread
D:3:      old_standard_altar, okawaru_trees_1, uniq_grinder
D:4:      kennysheep_slug_shrine, grunt_dithmenos_smoke_and_mirrors

Skill      XL: |  1  2  3  4  5 |
---------------+----------------+-----
Stealth        | 3 4 |  4.1
Short Blades   | 1 |  1.6
Dodging        | 2 |  2.9
Ice Magic      | 1 |  1.2
Fighting       | 1 |  1.0
Spellcasting   | |  2.9
Hexes          | |  3.6

Action                   |  1- 3 |  4- 6 || total
-------------------------+-------+-------++-------
Melee: Dagger            |    94 |   138 ||   232
 Cast: Corona            |     4 |     6 ||    10
       Ensorcelled Hiber |    19 |    47 ||    66
       Confuse           |     2 |     3 ||     5
  Use: Potion            |       |     1 ||     1
 Stab: Sleeping          |    19 |    25 ||    44
       Confused          |       |     1 ||     1
  Eat: Chunk             |     5 |    10 ||    15
Armor: Robe              |    22 |    24 ||    46
Dodge: Dodged            |    52 |    93 ||   145
